 Dungeon Crawl Stone Soup version 0.32-a0-918-g0f22ef8d61 (webtiles) character file.

Game seed: 14680438328412836290

41032 pokedragonboy the Cleaver (level 14, -9/113 HPs)
             Began as a Coglin Artificer on Apr 11, 2024.
             Was an Initiate of Gozag.
             Mangled by a death yak (19 damage)
             ... on level 4 of the Lair of Beasts.
             The game lasted 00:55:01 (20007 turns).

pokedragonboy the Cleaver (Coglin Artificer)       Turns: 20007, Time: 00:55:03

Health: -9/113     AC: 23    Str: 21    XL:     14   Next: 13%
Magic:  14/14      EV:  9    Int: 11    God:    Gozag
Gold:   92         SH:  0    Dex: 14    Spells: 13/13 levels left

rFire   + + .        y - +2 mace (protect) {Kannika}
rCold   . . .        U - +8 spear of Reapportionment {drain, ^Fragile rF++}
rNeg    . . .        w - +3 scale mail {rPois}
rPois   +            V - +0 hat {Stlth+}
rElec   .            (no cloak)
rCorr   .            I - +2 pair of gloves {Str+3}
SInv    .            n - +0 pair of boots
Will    ++...        (amulet unavailable)
Stlth   +            (ring unavailable)
HPRegen 0.38/turn    (ring unavailable)
MPRegen 0.14/turn    X - tuning dynamo {Gadgeteer, Will+ Slay+3}

%: no passive effects
@: mighty, brilliant, about to teleport, gold aura, under a protective aura,
hasted, revved, very quick
A: off-hand wielding, slow wielding, warmup strikes, no jewellery
a: Renounce Religion, Potion Petition, Call Merchant, Bribe Branch


You were on level 4 of the Lair of Beasts.
You worshipped Gozag.
Gozag was noncommittal.
You visited 3 branches of the dungeon, and saw 18 of its levels.
You also visited: Gauntlet.

You collected 2866 gold pieces.
You spent 449 gold pieces at shops.
You paid 2325 gold pieces to Gozag.

Inventory:

Hand Weapons
 b - a +2 heavy war axe
 y - a +2 mace of protection (weapon) {Kannika}
 A - a +0 heavy war axe {Dube}
 E - the +5 spear "Dyux" {freeze, *Slow Str+3 Int+5 SInv}
   (You found it on level 6 of the Dungeon)

   Str+3:     It affects your strength (+3).
   Int+5:     It affects your intelligence (+5).
   SInv:      It lets you see invisible.
   *Slow:     It may slow you when you take damage.
 G - a +1 orcbow of flaming
 M - a +3 scimitar of flaming
 O - a +2 whip of freezing {Æthelred}
 U - the +8 spear of Reapportionment (offhand) {drain, ^Fragile rF++}
   (You bought it in a shop on level 9 of the Dungeon)

   rF++:      It greatly protects you from fire.
   ^Fragile:  It will be destroyed if unequipped.
Missiles
 a - a throwing net
 j - 13 silver javelins
 H - a curare-tipped dart
Armour
 n - a +0 pair of boots (worn)
 u - a +2 pair of gloves of dexterity
 w - a +3 scale mail of poison resistance (worn)
 B - a +0 plate armour
 C - a +0 pair of gloves
 I - a +2 pair of gloves of strength (worn)
 J - a +2 troll leather armour
 V - a +0 hat of stealth (worn)
Gizmo
 X - a tuning dynamo (installed) {Gadgeteer, Will+ Slay+3}
   (You invented it yourself on level 4 of the Lair of Beasts)

   [tuning dynamo]

   Gadgeteer: Your evocable items recharge 30% faster and wands have a 30%
   chance to not spend a charge.
   Slay+3:    It affects your accuracy & damage with ranged weapons and melee
   (+3).
   Will+:     It increases your willpower.
Talismans
 L - the beast talisman "Cisisate" {rF+ rC+ Str+3 Dex+3}
   (You found it on level 10 of the Dungeon)

   [beast talisman]

   Str+3:     It affects your strength (+3).
   Dex+3:     It affects your dexterity (+3).
   rF+:       It protects you from fire.
   rC+:       It protects you from cold.
Wands
 d - a wand of charming (9)
 x - a wand of polymorph (4)
 S - a wand of digging (3)
Scrolls
 e - a scroll of poison {unknown}
 f - 2 scrolls of fog {unknown}
 g - 3 scrolls of teleportation
 i - a scroll of acquirement {unknown}
 k - 2 scrolls of revelation
 m - 3 scrolls of enchant armour
 s - 5 scrolls of immolation
 t - a scroll of torment {unknown}
 D - 2 scrolls of noise
 N - a scroll of amnesia
 P - a scroll of fear {unknown}
 Q - a scroll of vulnerability
 T - 5 scrolls of identify
 W - 2 scrolls of blinking {unknown}
Potions
 c - a potion of invisibility {unknown}
 l - 6 potions of curing
 o - a potion of magic {unknown}
 p - a potion of enlightenment
 q - 3 potions of mutation
 r - 3 potions of attraction
 v - a potion of cancellation
 z - a potion of berserk rage {unknown}
 F - a potion of lignification {unknown}
 K - 3 potions of resistance
 R - 2 potions of brilliance {unknown}


   Skills:
 + Level 11.4 Fighting
 + Level 13.7(15.0) Axes
 - Level 3.7(9.0) Maces & Flails
 + Level 8.3(11.5) Polearms
 + Level 10.6 Armour
 - Level 0.8 Dodging
 - Level 0.7 Stealth
 - Level 10.0 Evocations


You had 13 spell levels left.
You didn't know any spells.
Your spell library contained the following spells:

 Spells                   Type           Power      Damage    Failure   Level
 Sandblast                Erth           0%         2d4       63%         1
 Shock                    Conj/Air       0%         1d3       63%         1
 Summon Small Mammal      Summ           0%         N/A       63%         1
 Blink                    Tloc           0%         N/A       77%         2
 Lesser Beckoning         Tloc           0%         N/A       77%         2
 Mercury Vapours          Alch/Air       0%         N/A       77%         2
 Momentum Strike          Conj/Tloc      0%         3d8       77%         2
 Sublimation of Blood     Necr           0%         N/A       77%         2
 Call Canine Familiar     Summ           0%         N/A       94%         3
 Hailstorm                Conj/Ice       0%         3d5       94%         3
 Mephitic Cloud           Conj/Alch/Air  0%         N/A       94%         3
 Passwall                 Erth           0%         N/A       94%         3
 Sigil of Binding         Hex            0%         N/A       94%         3
 Swiftness                Air            0%         N/A       94%         3
 Volatile Blastmotes      Fire/Tloc      0%         2d10      94%         3
 Airstrike                Air            0%         2d(0-16)  100%        4
 Anguish                  Hex/Necr       0%         N/A       100%        4
 Cause Fear               Hex            0%         N/A       100%        4
 Dimensional Bullseye     Hex/Tloc       0%         N/A       100%        4
 Fulminant Prism          Conj/Alch      0%         3d5       100%        4
 Iskenderun's Mystic Bla Conj/Tloc 0%             2d3        (+2d1     100%        4
 Leda's Liquefaction      Alch/Erth      0%         N/A       100%        4
 Petrify                  Alch/Erth      0%         N/A       100%        4
 Summon Blazeheart Golem  Fire/Summ      0%         N/A       100%        4
 Vhi's Electric Charge    Tloc/Air       0%         N/A       100%        4
 Freezing Cloud           Conj/Ice/Air   0%         6-21      100%        5
 Irradiate                Conj/Alch      0%         3d11      100%        5
 Bombard                  Conj/Erth      0%         9d1       100%        6
 Conjure Ball Lightning   Conj/Air       0%         3x3d6     100%        6
 Enfeeble                 Hex            0%         N/A       100%        7
 Orb of Destruction       Conj           0%         9d5       100%        7
 Spellforged Servitor     Conj/Summ      0%         N/A       100%        7
 Discord                  Hex            0%         N/A       100%        8
 Disjunction              Tloc           0%         N/A       100%        8


Dungeon Overview and Level Annotations

Branches:
Dungeon (12/15)            Temple (1/1) D:6            Lair (5/5) D:9
  Swamp (0/4) Lair:3        Snake (0/4) Lair:2          Orc (0/2) D:10
Gauntlet (visited)
  Slime: Lair:4-5

Altars:
Ashenzari
Cheibriados
Dithmenos
Elyvilon
Fedhas
Gozag
Hepliaklqana
Kikubaaqudgha
Makhleb
Nemelex Xobeh
Okawaru
Qazlal
Ru
Sif Muna
Trog
Uskayaw
Vehumet
Wu Jian
Xom
Yredelemnul
Zin
The Shining One

Shops:
D:9 *=!(   D:10 (

Annotations:
D:8 1 runed translucent door, DeathSocks's ghost, novice MDNe


Innate Abilities, Weirdness & Mutations

You can wield a second weapon in your off-hand.
It takes a long time for you to wield or remove held weapons.
Your first few attacks do less damage.
You cannot equip rings or amulets.


Message History

The death yak gores you but does no damage. x3
You feel better. The death yak gores you!
* * * LOW HITPOINT WARNING * * *
The death yak gores you!
* * * LOW HITPOINT WARNING * * *
The death yak gores you but does no damage.
Okay, then. [a] - 520 gold - resistance and haste [b] - 320 gold - heal wounds, curing and magic [c] - 648 gold - resistance, might and haste Purchase which effect?
You no longer have enough gold to petition Gozag for potion effects.
You feel much better.
You feel better. Magic courses through your body.
The death yak gores you but does no damage.
As you read the scroll of teleportation, it crumbles to dust.
You feel strangely unstable. The death yak gores you!
* * * LOW HITPOINT WARNING * * *
The death yak misses you.
You hit the death yak with your +2 mace of protection.
Your weapon exudes an aura of protection.
The death yak is moderately wounded.
You puncture the death yak with the +8 spear of Reapportionment!
You drain the death yak. The death yak barely misses you.
The death yak gores you!
* * * LOW HITPOINT WARNING * * *
You hit the death yak with the +8 spear of Reapportionment.
You drain the death yak.
The death yak is heavily wounded.
You sock the death yak with your +2 mace of protection!
The death yak gores you.
* * * LOW HITPOINT WARNING * * *
You puncture the death yak with the +8 spear of Reapportionment!
You drain the death yak.
The death yak is almost dead.
You thump the death yak with your +2 mace of protection!
You kill the death yak!
The death yak gores you but does no damage.
The death yak gores you!!
You die...
Your body crumbles into a pile of gold.

##.####.#.......#..##
#..
###.....#....#.#.##..#
#..
##...P........#####P..##
### #.#........"..##
#...P# #
##......P#.....##
#....###
#....#####....P#
##.....## #....P#
#....## #.....P##
##....# ##Y...#
##......P# #...##
#@Y..P###...#...P.
#...###
##$....#..<###....
#.....#
##.P.....#.##....
#....## ##.....#########
#.>...## #......#
##.....# ##.....#####
#.....#### ##......#.##
###......# ##P.......###
##..(.### ###P........


You could see 2 death yaks.

Vanquished Creatures
  Gastronok (Lair:1)
  A minotaur (Gauntlet)
  2 dire elephants (Gauntlet)
  4 hydras
  3 death yaks (Lair:4)
  A centaur warrior (D:9)
  4 two-headed ogres
  Erica (D:9)
  A fire crab (Lair:4)
  A skyshark (Lair:3)
  Pikel (D:6)
  A salamander (Lair:2)
  4 black mambas
  8 elephants
  2 torpor snails (Lair:1)
  8 cane toads
  A gargoyle (D:11)
  5 komodo dragons
  5 rime drakes
  A hornet (D:7)
  A tyrant leech (Lair:3)
  Prince Ribbit (D:7)
  8 blink frogs (Lair:3)
  6 dream sheep (Lair:3)
  A slime creature (D:12)
  50 yaks
  4 wyverns
  2 hogs (Lair:3)
  A wraith (D:10)
  A swamp worm (Lair:3)
  3 acid dragons
  2 nagas (Lair:2)
  6 water moccasins
  6 orc warriors
  An ice beast (D:6)
  3 black bears
  6 centaurs
  An ogre (D:5)
  13 wolves
  3 lemures (D:6)
  2 phantoms
  3 kobold brigands
  Blork the orc (D:6)
  10 bullfrogs
  3 scorpions
  3 killer bees (D:10)
  2 electric eels (D:10)
  3 howler monkeys
  2 jellies
  3 hounds
  10 orc priests
  A bombardier beetle (D:6)
  A gnoll bouda (D:6)
  3 iguanas
  2 sleepcaps
  17 orc wizards
  6 hell rats (Lair:3)
  5 adders
  3 gnolls
  A white imp (D:6)
  An ufetubus (D:6)
  A ribbon worm (D:4)
  4 dart slugs
  54 orcs
  7 endoplasms
  4 giant cockroaches
  12 goblins
  5 hobgoblins
  2 jackals (D:3)
  18 kobolds
  3 quokkas (D:3)
  7 ball pythons
  4 bats
  7 frilled lizards
  5 rats
  A butterfly (D:6)
390 creatures vanquished.

Vanquished Creatures (collateral kills)
  Kirke (Lair:3)
  2 orc priests (D:8)
  A gnoll (D:6)
  A dart slug (D:3)
  2 orcs (D:8)
7 creatures vanquished.

Vanquished Creatures (others)
  A swamp worm (Lair:3)
  A water moccasin (D:6)
  An adder (D:3)
3 creatures vanquished.

Grand Total: 400 creatures vanquished

Notes
Turn   | Place    | Note
-------+----------+-------------------------------------------
     0 | D:1      | pokedragonboy the Coglin Artificer began the quest for the
                  | Orb.
     0 | D:1      | Reached XP level 1. HP: 15/15 MP: 1/1
   335 | D:1      | Reached XP level 2. HP: 10/21 MP: 2/2
   359 | D:1      | Reached skill level 1 in Axes
   521 | D:1      | Got the Handbook of Frostbite and Erosion
   732 | D:1      | Reached XP level 3. HP: 17/27 MP: 3/3
  1242 | D:2      | Reached XP level 4. HP: 32/33 MP: 4/4
  1244 | D:2      | Reached skill level 2 in Axes
  2055 | D:3      | Found a shadowy altar of Dithmenos.
  2232 | D:3      | Noticed a phantom
  2244 | D:3      | Reached XP level 5. HP: 39/39 MP: 5/5
  2258 | D:3      | Killed a phantom
  2259 | D:3      | Reached skill level 3 in Axes
  2259 | D:3      | Reached skill level 5 in Evocations
  2588 | D:4      | Reached XP level 6. HP: 37/46 MP: 6/6
  3194 | D:5      | Entered Level 5 of the Dungeon
  3261 | D:5      | Reached skill level 4 in Axes
  3401 | D:5      | Reached XP level 7. HP: 38/52 MP: 7/7
  3409 | D:5      | Found an iron altar of Okawaru.
  3953 | D:5      | Reached skill level 5 in Axes
  4082 | D:6      | Found a sacrificial altar of Ru.
  4106 | D:6      | Reached XP level 8. HP: 60/60 MP: 8/8
  4185 | D:6      | Noticed Pikel
  4201 | D:6      | Killed Pikel
  4202 | D:6      | Reached skill level 6 in Axes
  4335 | D:6      | Found a staircase to the Ecumenical Temple.
  4411 | Temple   | Entered the Ecumenical Temple
  4540 | D:6      | Noticed Blork the orc
  4543 | D:6      | Reached skill level 5 in Fighting
  4555 | D:6      | Killed Blork the orc
  4556 | D:6      | Reached XP level 9. HP: 41/68 MP: 9/9
  4567 | D:6      | Reached skill level 7 in Axes
  4593 | D:6      | Found an ancient bone altar of Kikubaaqudgha.
  4711 | D:6      | Reached skill level 5 in Armour
  4899 | D:6      | Identified the +5 spear "Dyux" {freeze, *Slow Str+3 Int+5
                  | SInv}
  4907 | D:6      | Found a hide-covered altar of Uskayaw.
  5086 | D:7      | Noticed a hornet
  5092 | D:7      | Killed a hornet
  5401 | D:7      | Noticed Prince Ribbit
  5410 | D:7      | Killed Prince Ribbit
  5411 | D:7      | Reached skill level 8 in Axes
  5446 | D:7      | Found a hazy altar of Hepliaklqana.
  5954 | D:8      | Found a runed translucent door.
  5956 | D:8      | Found a shimmering altar of Xom.
  5956 | D:8      | Noticed a +1 long sword of chaos
  5956 | D:8      | Noticed DeathSocks's ghost (novice MDNe)
  6261 | D:8      | Noticed a two-headed ogre
  6272 | D:8      | Killed a two-headed ogre
  6273 | D:8      | Reached skill level 9 in Axes
  6273 | D:8      | Reached XP level 10. HP: 72/77 MP: 10/10
  6727 | D:9      | Noticed a centaur warrior
  7248 | D:9      | Found Wipligobb's Assorted Antiques.
  7257 | D:9      | Bought a wand of iceblast (2) for 134 gold pieces
  7257 | D:9      | Bought 3 yellow potions for 75 gold pieces
  7297 | D:9      | Reached skill level 10 in Evocations
  7390 | D:9      | Found a staircase to the Lair.
  7413 | D:9      | Found Sipioseb's Distillery.
  7487 | D:9      | Reached skill level 10 in Axes
  7578 | D:9      | Found Xasel's Antique Weapon Shop.
  7600 | D:9      | Killed a centaur warrior
  7601 | D:9      | Reached XP level 11. HP: 54/85 MP: 11/11
  7709 | D:9      | Noticed Erica
  7716 | D:9      | Noticed a two-headed ogre
  7721 | D:9      | You fall into a shaft and drop 2 floors!
  7876 | D:10     | Entered Level 10 of the Dungeon
  7878 | D:10     | Identified the beast talisman "Cisisate" {rF+ rC+ Str+3
                  | Dex+3}
  7901 | D:10     | Found an opulent altar of Gozag.
  7939 | D:10     | Became a worshipper of Gozag Ym Sagoz the Greedy
  8027 | D:10     | Found a snail-covered altar of Cheibriados.
  8060 | D:9      | Killed Erica
  8168 | D:9      | Killed a two-headed ogre
  8169 | D:9      | Reached skill level 11 in Axes
  8231 | D:9      | Found Qeuhicuk's Jewellery Boutique.
  8471 | D:9      | Found a glowing golden altar of the Shining One.
  9121 | D:10     | Found Rosaleg's Antique Weapon Emporium.
  9162 | D:10     | Reached skill level 1 in Maces & Flails
 10251 | D:10     | Found a staircase to the Orcish Mines.
 11909 | D:11     | Noticed a two-headed ogre
 11915 | D:11     | Killed a two-headed ogre
 12107 | D:12     | Noticed a two-headed ogre
 12120 | D:12     | Killed a two-headed ogre
 12415 | D:9      | Bought an encrusted spear for 240 gold pieces
 12415 | D:9      | Identified the +8 spear of Reapportionment {drain, ^Fragile
                  | rF++} (You bought it in a shop on level 9 of the Dungeon)
 12488 | Lair:1   | Entered Level 1 of the Lair of Beasts
 12493 | Lair:1   | Noticed Gastronok
 12520 | Lair:1   | Killed Gastronok
 12521 | Lair:1   | Reached skill level 1 in Polearms
 12521 | Lair:1   | Reached XP level 12. HP: 74/94 MP: 12/12
 13027 | Lair:1   | Reached skill level 12 in Axes
 14521 | Lair:2   | Found a staircase to the Snake Pit.
 14530 | Lair:2   | Reached skill level 5 in Polearms
 14826 | Lair:2   | Noticed a four-headed hydra
 14833 | Lair:2   | Killed a four-headed hydra
 15235 | Lair:3   | Found a frozen archway.
 15235 | Lair:3   | Noticed Kirke
 15335 | Lair:3   | Reached XP level 13. HP: 54/103 MP: 13/13
 15344 | Lair:3   | Reached skill level 10 in Fighting
 15485 | Lair:3   | Found a gate leading to a gauntlet.
 15496 | Gauntlet | Entered a Gauntlet
 15496 | Gauntlet | Found a transporter.
 15502 | Gauntlet | Noticed a dire elephant
 15508 | Gauntlet | Noticed a cacodemon
 15680 | Gauntlet | Found a transporter.
 15696 | Gauntlet | Found a transporter.
 15700 | Gauntlet | Found a transporter.
 15718 | Gauntlet | Found a transporter.
 15728 | Gauntlet | Noticed a dire elephant
 15731 | Gauntlet | Found a transporter.
 15736 | Gauntlet | Found a transporter.
 15740 | Gauntlet | Found a transporter.
 15749 | Gauntlet | Found the +3 warlock's mirror {omnireflect}
 15769 | Gauntlet | Found a transporter.
 15786 | Gauntlet | Found a transporter.
 15790 | Gauntlet | Found a transporter.
 15792 | Gauntlet | Found a runed translucent door.
 15794 | Gauntlet | Found a runed translucent door.
 15798 | Gauntlet | Found a transporter.
 16196 | Gauntlet | Killed a dire elephant
 16229 | Gauntlet | Killed a dire elephant
 16327 | Gauntlet | Noticed a minotaur
 16339 | Gauntlet | Killed a minotaur
 16610 | Lair:3   | Reached skill level 13 in Axes
 17437 | Lair:3   | Killed Kirke
 17681 | Lair:3   | Reached skill level 10 in Armour
 17810 | Lair:3   | HP: 4/105 [tyrant leech (16)]
 18088 | Lair:3   | Found a staircase to the Swamp.
 19173 | Lair:4   | Reached XP level 14. HP: 113/113 MP: 14/14
 19209 | Lair:4   | Acquired a tuning dynamo {Gadgeteer, Will+ Slay+3}
 19957 | Lair:5   | Entered Level 5 of the Lair of Beasts
 20007 | Lair:4   | Mangled by a death yak

Illustrated notes

Levels and vault maps discovered:
D:1:      dpeg_arrival_circle_labyrinth_c, layout_rooms
D:2:      layout_loops_ring
D:3:      minmay_octagon_keep, layout_basic, nicolae_dithmenos_shadow_blocks
D:4:      layout_gridville
D:5:      layout_gridville, okawaru_altar_gauntlet_db
D:6:      layout_rooms, mainiacjoe_overflow_concentric_impassable,
          mainiacjoe_overflow_alcove_4, minmay_temple_entry_butterflies,
          minmay_ruined_shrine, uniq_pikel, uniq_blork_the_orc
D:7:      layout_basic, nicolae_overflow_hidden_temple, uniq_prince_ribbit1
D:8:      layout_rooms, ebering_ghost_xom
D:9:      layout_basic, mainiacjoe_overflow_alcove_1, lair_entry_dummy,
          serial_shops, nicolae_shop_advertising_works
          [nicolae_subvault_shop_adworks], nicolae_square_shop, shop, shop,
          uniq_erica
D:10:     layout_loops_ring, old_standard_altar, cheibriados_altar_1,
          erik_orc_2, serial_shops, nicolae_inconvenience_store
D:11:     layout_basic
D:12:     layout_stronghold
Temple:   nicolae_temple_two_arcs
Lair:1:   layout_chaotic_city, uniq_gastronok
Lair:2:   layout_cellular_growth, alex1729_snake_entry_snake,
          lemuel_fruit_fields, infiniplex_staircase_pool
Lair:3:   layout_hall_layers, palyth_hydra_swamp_entry, gauntlet_entry_generic,
          portal_ice_cave_rime, serial_bayou_shore_b, grunt_megastairs_3,
          serial_bayou_shore_b, uniq_kirke
Lair:4:   layout_concentric_octagons
Lair:5:   evil_forest, layout_gridlike, slime_entry_1, minmay_hedge_maze,
          nicolae_lair_run_with_the_wolves

Skill      XL: |  1  2  3  4  5  6  7  8  9 10 11 12 13 |
---------------+----------------------------------------+-----
Axes           | 1 2 3 4 5 6 9 10 11 12 13 | 13.7
Armour         | 2 3 4 6 7 8 9 10 | 10.6
Fighting       | 2 3 4 5 6 7 8 9 11 | 11.4
Evocations     | 5 6 7 9 10 | 10.0
Maces & Flails | 3 |  3.7
Polearms       | 1 6 8 |  8.3
Dodging        | |  0.8
Stealth        | |  0.7

Action                     |  1- 3 |  4- 6 |  7- 9 | 10-12 | 13-15 || total
---------------------------+-------+-------+-------+-------+-------++-------
  Melee: Club              |    44 |       |       |       |       ||    44
         Dagger            |    95 |    80 |       |       |       ||   175
         Short sword       |    60 |    33 |       |       |       ||    93
         Flail             |       |   107 |       |       |       ||   107
         Hand axe          |       |    28 |    23 |       |       ||    51
         Mace              |       |    17 |   162 |   540 |   305 ||  1024
         War axe           |       |       |   144 |   150 |       ||   294
         Whip              |       |       |       |   185 |       ||   185
         Spear             |       |       |       |   228 |   348 ||   576
         Unarmed           |       |       |       |       |     5 ||     5
  Throw: Javelin           |       |       |       |     2 |       ||     2
 Invoke: Potion Petition   |       |       |       |       |     5 ||     5
Ability: Invent Gizmo      |       |       |       |       |     1 ||     1
  Evoke: Wand              |       |    13 |    59 |    40 |     7 ||   119
    Use: Scroll            |       |     5 |     2 |    15 |     2 ||    24
         Potion            |       |       |     1 |     4 |     9 ||    14
   Stab: Sleeping          |     1 |     1 |       |       |       ||     2
         Distracted        |       |       |       |     1 |     2 ||     3
 Armour: Leather armour    |    78 |    35 |       |       |       ||   113
         Ring mail         |       |    44 |       |       |       ||    44
         Scale mail        |       |    62 |   161 |   530 |   365 ||  1118
         Skin              |       |       |       |       |    12 ||    12
  Dodge: Dodged            |    47 |    76 |   102 |   229 |   148 ||   602

Table legend: (Time is in decaauts)
 A = Elapsed time spent in this place.
 B = Non-inter-level travel time spent in this place.
 C = Inter-level travel time spent in this place.
 D = Time resting spent in this place.
 E = Time spent auto-exploring this place.
 F = Levels seen in this place.
 G = Mean time per level.
                   A        B        C        D        E       F      G
               +--------+--------+--------+--------+--------+-----+--------+
         Total |  19932 |  19038 |    894 |   4641 |  10141 |  19 | 1049.1 |
       Dungeon |  12511 |  11704 |    807 |   2733 |   6474 |  12 | 1042.6 |
        Temple |     47 |     47 |      0 |      0 |      0 |   1 |   47.0 |
          Lair |   6270 |   6183 |     87 |   1482 |   3480 |   5 | 1254.0 |
      Gauntlet |   1101 |   1101 |      0 |    426 |    186 |   1 | 1101.0 |
               +--------+--------+--------+--------+--------+-----+--------+

Top non-repeatable levels by time:
  Lair:3: 1969 daAuts
     D:9: 1946 daAuts
    D:10: 1921 daAuts
  Lair:2: 1915 daAuts
    D:11: 1588 daAuts
  Lair:4: 1360 daAuts
Gauntlet: 1101 daAuts
  Lair:1: 1018 daAuts
     D:6: 999 daAuts
     D:7: 939 daAuts
     D:8: 919 daAuts
     D:1: 915 daAuts
     D:3: 874 daAuts
     D:5: 863 daAuts
     D:4: 767 daAuts
